 Dungeon Crawl Stone Soup version 0.22-a0-525-gf69a080 (webtiles) character file.

242 Supahsalami the Chopper (level 5, -5/48 HPs)
             Began as a Minotaur Berserker on June 20, 2018.
             Was a Priest of Trog.
             Splashed by Ijyb's acid (9 damage)
             ... on level 5 of the Dungeon.
             The game lasted 00:08:18 (3169 turns).

Supahsalami the Chopper (Minotaur Berserker)        Turns: 3169, Time: 00:08:19

Health: -5/48      AC:  9    Str: 22    XL:     5   Next: 81%
Magic:  4/4        EV:  8    Int:  4    God:    Trog [***...]
Gold:   138        SH:  0    Dex: 10    Spells: 4/4 levels left

rFire    . . .     SeeInvis .   a - +1 hand axe
rCold    . . .     Gourm    .   (no shield)
rNeg     . . .     Faith    .   k - +0 chain mail
rPois    .         Spirit   .   (helmet restricted)
rElec    .         Reflect  .   (no cloak)
rCorr    .         Harm     .   (no gloves)
MR       .....                  (no boots)
Stlth    ..........             g - amulet of the acrobat
HPRegen  0.16/turn              (no ring)
MPRegen  0.09/turn              (no ring)

@: no status effects
A: retaliatory headbutt, horns 2
a: Berserk, Trog's Hand, Renounce Religion


You were on level 5 of the Dungeon.
You worshipped Trog.
Trog was most pleased with you.
You were not hungry.

You visited 1 branch of the dungeon, and saw 5 of its levels.

You collected 138 gold pieces.

Inventory:

Hand Weapons
 a - a +1 hand axe (weapon)
Missiles
 o - 32 stones (quivered)
Armour
 b - a +0 animal skin
 k - a +0 chain mail (worn)
Jewellery
 g - an amulet of the acrobat (around neck)
Scrolls
 e - a scroll of fear
 i - 7 scrolls of remove curse
 j - a scroll of immolation {unknown}
 n - a scroll of fog
Potions
 d - a potion of agility
 h - 2 potions of flight
Comestibles
 c - 6 rations
 l - a chunk of flesh


   Skills:
 + Level 5.1 Fighting
 * Level 6.1 Axes
 + Level 4.1 Armour
 - Level 2.2 Dodging


You had 4 spell levels left.
You didn't know any spells.
Your spell library was empty.

Dungeon Overview and Level Annotations

Branches:
Dungeon (5/15)
 Temple: D:4-7

Altars:
Dithmenos
Gozag
Makhleb
Nemelex Xobeh
Sif Muna
Trog
Zin

Annotations:
D:5 Ijyb


Innate Abilities, Weirdness & Mutations

You reflexively headbutt those who attack you in melee.
You have a pair of horns on your head.


Message History

You open the door.
Found Purohuvu's Book Shop.
The shop is a mimic!
The shop mimic snickers and vanishes in a puff of smoke!
Found 19 gold pieces.
There is an open door here.
Ijyb the Twisted Goblin comes into view.
Ijyb shouts!
Found a shadowy altar of Dithmenos.
Ijyb zaps a wand.
The bolt of acid misses you.
It is a wand of acid (13).
You hit Ijyb but do no damage.
Ijyb drinks a potion.
Ijyb seems to grow stronger.
You hit Ijyb but do no damage.
Ijyb zaps a wand.
The bolt of acid hits you!
Ouch! That really hurt!
You are splashed with acid!
The acid burns!
* * * LOW HITPOINT WARNING * * *
You feel better.
Ijyb zaps a wand.
The bolt of acid hits you!
* * * LOW HITPOINT WARNING * * *
You are splashed with acid!
The acid burns!
You die...

.# #.# #.# §
§§##.# §§§§§§#.#
....§§.§§§.§#
....._.§..§§#
§.......g@.#
§§...§§.#.####
§.....§##....#
#.....# #....#
#...####....#
###........#'##
#####...#.##...+.+
..
........#.##...#+#
.. #...
#.#.####...# ##.


You could see Ijyb.

Vanquished Creatures
  A crimson imp (D:5)
  Natasha (thrice) (D:2)
  A howler monkey zombie (D:5)
  A worker ant zombie (D:5)
  2 adders (D:3)
  2 oozes
  A worm (D:2)
  3 dart slugs
  A leopard gecko (D:1)
  4 orcs (D:5)
  4 bats
  5 giant cockroaches
  7 hobgoblins
  7 jackals (D:3)
  A quokka (D:4)
  3 frilled lizards
  7 goblins
  11 kobolds
  9 rats
73 creatures vanquished.

Notes
Turn   | Place    | Note
-------+----------+-------------------------------------------
     0 | D:1      | Supahsalami the Minotaur Berserker began the quest for the Orb.
     0 | D:1      | Reached XP level 1. HP: 19/19 MP: 0/0
    76 | D:1      | Reached XP level 2. HP: 26/27 MP: 1/1
   119 | D:1      | Reached skill level 4 in Axes
   239 | D:1      | Reached XP level 3. HP: 23/33 MP: 2/2
   251 | D:1      | You fall through a shaft!
   261 | D:2      | Reached ** piety under Trog
   955 | D:2      | Noticed a moth of wrath
   957 | D:2      | Found a bloodstained altar of Trog.
  1265 | D:2      | Noticed Natasha
  1270 | D:2      | Killed Natasha
  1270 | D:2      | Reached skill level 5 in Axes
  1270 | D:2      | Reached XP level 4. HP: 27/41 MP: 3/3
  1409 | D:2      | Noticed Natasha
  1424 | D:2      | Killed Natasha
  1719 | D:2      | Noticed Natasha
  1724 | D:2      | Killed Natasha
  1724 | D:2      | Reached XP level 5. HP: 40/47 MP: 4/4
  1730 | D:2      | Found a bloodstained altar of Trog.
  2159 | D:3      | Found a faded altar of an unknown god.
  2679 | D:3      | Found a sparkling altar of Nemelex Xobeh.
  2816 | D:5      | Entered Level 5 of the Dungeon
  2848 | D:4      | Noticed a slave
  2848 | D:4      | Noticed a slave
  2881 | D:5      | Found an opulent altar of Gozag.
  2882 | D:5      | Found a glowing silver altar of Zin.
  2932 | D:5      | Found a deep blue altar of Sif Muna.
  2989 | D:5      | Found a burning altar of Makhleb.
  2998 | D:5      | Reached skill level 5 in Fighting
  2998 | D:5      | Reached skill level 6 in Axes
  3074 | D:5      | Reached *** piety under Trog
  3160 | D:5      | Found Purohuvu's Book Shop.
  3165 | D:5      | Found a shadowy altar of Dithmenos.
  3165 | D:5      | Noticed Ijyb
  3169 | D:5      | Splashed by Ijyb's acid

Vault maps used:
D:1:      evilmike_arrival_home_sweet_home
D:2:      tgw_trog, uniq_natasha
D:3:      nemelex_xobeh_ov_fountains_minmay, chequers_ecumenical_altar_simple,
          first_ration, uniq_jessica, uniq_terence
D:4:      lexackson_kobold_supper, uniq_menkaure, uniq_pikel
D:5:      grunt_temple_overflow_gold_and_silver, makhleb_grotto_becter,
          nicolae_dithmenos_the_darkroom, lemuel_blue_sif_altar, temple_green,
          serial_curves, eino_curves_03, eino_curves_03, serial_shops,
          nicolae_shop_behind_doors, portal_sewer_entry_d, uniq_ijyb

Skill      XL: |  1  2  3  4  5 |
---------------+----------------+-----
Fighting       | 4 5 |  5.1
Axes           | 4 5 6 |  6.1
Armour         | 3 4 |  4.1
Dodging        | |  2.2

Action                   |  1- 3 |  4- 6 || total
-------------------------+-------+-------++-------
Melee: Hand axe          |    83 |    62 ||   145
       Headbutt          |     9 |    11 ||    20
  Use: Scroll            |       |     7 ||     7
       Potion            |       |     1 ||     1
 Stab: Sleeping          |       |     1 ||     1
  Eat: Chunk             |     1 |     6 ||     7
Armor: Animal skin       |    15 |     4 ||    19
       Chain mail        |       |     8 ||     8
Dodge: Dodged            |    61 |    39 ||   100

Table legend:
 A = Spawn XP
 B = Non-spawn XP
 C = Spawn XP percentage of total XP
 D = Spawn monster count
 E = Non-spawn monster count
 F = Spawn count percentage of total count
 G = Total turns spent on level
                    A         B        C        D         E        F      G
               +---------+---------+-------+---------+---------+-------+---------
         Total |       0 |     346 |   0.0 |       0 |      73 |   0.0 |  3169
               +---------+---------+-------+---------+---------+-------+---------
           D:1 |       0 |      56 |   0.0 |       0 |      28 |   0.0 |   462
           D:2 |       0 |     140 |   0.0 |       0 |      21 |   0.0 |  1690
           D:3 |       0 |      53 |   0.0 |       0 |      15 |   0.0 |   652
           D:4 |       0 |       2 |   0.0 |       0 |       1 |   0.0 |    19
           D:5 |       0 |      95 |   0.0 |       0 |       8 |   0.0 |   346
               +---------+---------+-------+---------+---------+-------+---------
